[ AOE2 MATCH · #479224232 ]
1v1 RMRomans vs Malians
Player's team · WIN
Rival team · LOSS
[ REPLAY ANALYSIS · EXTRACTED FROM THE RECORDED GAME ]
Feudal
10:05
Castle
21:41
Imperial
—
| APM avg | 23.3 |
| APM peak | 72 |
| eAPM avg | 11.3 |
| Villagers / military | 65 / 64 |
Focus
⚔️ 21.7% · 🌾 78.3%
Militia ×59 · Mangonel ×2 · Skirmisher ×2 · Spearman ×1
Feudal
9:17
Castle
22:37
Imperial
—
| APM avg | 56.1 |
| APM peak | 110 |
| eAPM avg | 20.8 |
| Villagers / military | 88 / 77 |
Focus
⚔️ 25.4% · 🌾 74.6%
Archer ×48 · Knight ×23 · Scout Cavalry ×6
Match map
Initial resources + every placement click. Lines = walls · curves = elevation contours. ◆ gold · ⬟ stone · ● berries · ✦ relic · ◌ wall gap
Your base· Open — opponent sealed themselves in
[KoM] SirFreddi's base· ✓ Closed at 22:37 · 50t walls · 1 gate(s)
Smoothed initial terrain · ◌ = detected wall gap · hover for details
Inputs per minute
— alvdomgar - - [KoM] SirFreddi
Build order — alvdomgar
131 actions detected in the replay
| 0:01 | Create | Villager (Male) |
| 0:02 | Create | Villager (Male) |
| 0:02 | Create | Villager (Male) |
| 0:02 | Create | Villager (Male) |
| 0:02 | Create | Villager (Male) |
| 0:04 | Build | House |
| 0:07 | Build | House |
| 1:25 | Create | Villager (Male) |
| 1:25 | Create | Villager (Male) |
| 1:49 | Build | Lumber Camp |
| 1:53 | Create | Villager (Male) |
| 1:53 | Create | Villager (Male) |
| 1:53 | Create | Villager (Male) |
| 2:21 | Create | Villager (Male) |
| 2:48 | Create | Villager (Male) |
| 2:51 | Research | Loom |
| 3:15 | Create | Villager (Male) |
| 3:16 | Create | Villager (Male) |
| 3:16 | Create | Villager (Male) |
| 3:30 | Create | Villager (Male) |
| 3:30 | Create | Villager (Male) |
| 4:20 | Build | House |
| 4:21 | Build | House |
| 4:27 | Create | Villager (Male) |
| 4:27 | Create | Villager (Male) |
| 4:27 | Create | Villager (Male) |
| 4:47 | Build | Mill |
| 5:30 | Create | Villager (Male) ×2 |
| 6:40 | Create | Villager (Male) ×5 |
| 7:45 | Research | Feudal Age |
| 8:03 | Build | Lumber Camp |
| 8:18 | Build | Barracks |
| 8:52 | Build | Mining Camp |
| 9:08 | Build | House |
| 9:24 | Build | House |
| 9:28 | Create | Militia ×3 |
| 10:05 | Age | Feudal Age |
| 10:09 | Build | Blacksmith |
| 10:31 | Create | Villager (Male) |
| 10:36 | Research | Man-at-Arms (upgrade) |
| 10:46 | Build | House |
| 10:47 | Build | House |
| 10:50 | Create | Villager (Male) |
| 11:16 | Research | Scale Mail Armor |
| 11:19 | Create | Villager (Male) ×3 |
| 11:27 | Build | Farm |
| 11:27 | Build | Farm |
| 12:34 | Create | Villager (Male) |
| 12:34 | Create | Villager (Male) |
| 12:38 | Create | Militia |
| 12:38 | Create | Spearman |
| 13:20 | Build | Farm |
| 13:21 | Build | Farm |
| 13:21 | Build | Farm |
| 13:21 | Build | Farm |
| 13:21 | Build | Farm |
| 13:22 | Build | Farm |
| 13:22 | Build | Farm |
| 13:22 | Build | Farm |
| 13:28 | Create | Villager (Male) ×3 |
| 15:11 | Build | Farm |
| 15:12 | Build | Farm |
| 15:12 | Build | Farm |
| 15:12 | Build | Farm |
| 15:19 | Create | Villager (Male) ×5 |
| 17:07 | Build | Farm |
| 17:07 | Build | Farm |
| 17:24 | Research | Wheelbarrow |
| 17:35 | Build | Farm |
| 18:17 | Build | Archery Range |
| 18:44 | Research | Gold Mining |
| 19:01 | Research | Castle Age |
| 19:07 | Build | Barracks |
| 19:24 | Research | Double-Bit Axe |
| 19:32 | Research | Forging |
| 19:45 | Create | Militia ×3 |
| 19:55 | Research | Horse Collar |
| 20:20 | Create | Skirmisher |
| 20:20 | Create | Skirmisher |
| 20:37 | Create | Militia ×4 |
| 21:29 | Create | Villager (Male) ×5 |
| 21:41 | Age | Castle Age |
| 21:46 | Research | Squires |
| 21:58 | Research | Long Swordsman (upgrade) |
| 22:30 | Create | Militia ×4 |
| 22:30 | Create | Militia ×4 |
| 22:39 | Build | House |
| 22:41 | Build | House |
| 22:59 | Build | House |
| 22:59 | Build | House |
| 23:00 | Build | House |
| 23:02 | Build | House |
| 23:05 | Research | Bow Saw |
| 23:24 | Research | Chain Mail Armor |
| 23:38 | Create | Militia |
| 23:39 | Create | Militia |
| 23:39 | Create | Militia |
| 23:49 | Create | Villager (Male) |
| 24:56 | Build | Town Center |
| 25:19 | Create | Militia ×5 |
| 25:20 | Create | Militia ×5 |
| 25:20 | Create | Militia ×5 |
| 25:20 | Create | Militia |
| 25:45 | Build | University |
| 25:50 | Create | Villager (Male) ×4 |
| 26:19 | Research | Iron Casting |
| 28:08 | Create | Militia ×5 |
| 28:08 | Create | Militia ×5 |
| 28:08 | Create | Militia ×3 |
| 28:08 | Create | Militia ×3 |
| 28:15 | Create | Villager (Male) ×2 |
| 28:25 | Create | Villager (Male) |
| 28:51 | Build | Siege Workshop |
| 28:55 | Create | Villager (Male) |
| 28:55 | Create | Villager (Male) |
| 29:06 | Build | Town Center |
| 29:10 | Create | Villager (Male) ×3 |
| 29:19 | Build | House |
| 29:20 | Build | House |
| 29:22 | Build | House |
| 29:26 | Research | Heavy Plow |
| 30:14 | Create | Mangonel |
| 30:14 | Create | Mangonel |
| 30:46 | Create | Militia ×5 |
| 30:52 | Build | House |
| 30:54 | Build | House |
| 30:59 | Research | Stone Mining |
| 31:55 | Build | House |
| 32:57 | Research | Hand Cart |
| 33:09 | Create | Villager (Male) ×5 |
| 33:21 | Build | Castle |
Build order — [KoM] SirFreddi
First 150 of 213 actions detected
| 0:00 | Create | Villager (Male) |
| 0:01 | Create | Villager (Male) |
| 0:02 | Build | House |
| 0:03 | Build | House |
| 0:30 | Create | Villager (Male) |
| 0:42 | Create | Villager (Male) |
| 1:31 | Create | Villager (Male) |
| 1:46 | Build | Lumber Camp |
| 1:59 | Create | Villager (Male) |
| 2:25 | Create | Villager (Male) |
| 2:53 | Create | Villager (Male) |
| 3:02 | Build | House |
| 3:12 | Create | Villager (Male) |
| 3:12 | Create | Villager (Male) |
| 3:38 | Create | Villager (Male) |
| 3:38 | Create | Villager (Male) |
| 4:07 | Create | Villager (Male) |
| 4:07 | Create | Villager (Male) |
| 4:07 | Create | Villager (Male) |
| 4:40 | Build | Mill |
| 4:58 | Create | Villager (Male) |
| 4:59 | Create | Villager (Male) |
| 4:59 | Create | Villager (Male) |
| 5:31 | Create | Villager (Male) |
| 6:01 | Create | Villager (Male) |
| 6:12 | Create | Villager (Male) |
| 6:40 | Research | Loom |
| 6:53 | Build | House |
| 7:07 | Research | Feudal Age |
| 7:32 | Build | Barracks |
| 7:39 | Build | Palisade Wall |
| 8:03 | Build | Palisade Wall |
| 8:10 | Create | Villager (Male) |
| 8:10 | Create | Villager (Male) |
| 9:17 | Age | Feudal Age |
| 9:19 | Build | Stable |
| 9:24 | Research | Double-Bit Axe |
| 9:26 | Research | Horse Collar |
| 9:28 | Create | Villager (Male) |
| 9:55 | Build | Farm |
| 9:58 | Build | House |
| 10:01 | Build | House |
| 10:04 | Build | Palisade Wall |
| 10:04 | Create | Villager (Male) |
| 10:09 | Build | Palisade Wall |
| 10:23 | Create | Scout Cavalry |
| 10:24 | Create | Villager (Male) |
| 10:30 | Build | Palisade Wall |
| 10:33 | Build | Palisade Wall |
| 10:34 | Create | Villager (Male) |
| 10:37 | Build | Farm |
| 11:04 | Build | Palisade Gate |
| 11:06 | Create | Villager (Male) |
| 11:11 | Create | Scout Cavalry |
| 11:17 | Build | Farm |
| 11:20 | Build | Farm |
| 11:22 | Build | Farm |
| 11:26 | Create | Villager (Male) |
| 11:47 | Create | Villager (Male) |
| 11:59 | Build | Palisade Wall |
| 12:12 | Create | Scout Cavalry |
| 12:20 | Build | Palisade Wall |
| 12:35 | Build | House |
| 12:40 | Build | Palisade Wall |
| 12:47 | Build | Palisade Wall |
| 12:52 | Build | House |
| 12:58 | Build | House |
| 13:04 | Build | House |
| 13:17 | Create | Villager (Male) |
| 13:17 | Create | Villager (Male) |
| 13:19 | Build | Farm |
| 13:22 | Build | Farm |
| 13:24 | Build | Farm |
| 13:25 | Build | Farm |
| 13:25 | Create | Villager (Male) |
| 13:40 | Build | Archery Range |
| 13:42 | Build | Mining Camp |
| 13:53 | Create | Villager (Male) |
| 14:14 | Build | Farm |
| 14:19 | Build | Farm |
| 14:26 | Create | Villager (Male) |
| 14:32 | Create | Archer |
| 14:33 | Create | Villager (Male) |
| 14:38 | Build | Farm |
| 14:44 | Build | Farm |
| 14:54 | Create | Villager (Male) |
| 14:59 | Build | Farm |
| 15:00 | Create | Villager (Male) |
| 15:01 | Create | Villager (Male) |
| 15:04 | Build | Farm |
| 15:19 | Create | Villager (Male) |
| 15:35 | Build | Mill |
| 15:38 | Build | Palisade Wall |
| 15:44 | Build | Palisade Wall |
| 16:03 | Create | Archer |
| 16:04 | Create | Villager (Male) |
| 16:17 | Create | Archer |
| 16:18 | Create | Villager (Male) |
| 16:23 | Create | Villager (Male) |
| 16:57 | Build | Farm |
| 17:02 | Create | Villager (Male) |
| 17:10 | Create | Villager (Male) |
| 17:18 | Build | Farm |
| 17:21 | Build | Farm |
| 17:42 | Build | House |
| 17:45 | Create | Villager (Male) |
| 17:46 | Create | Archer |
| 17:47 | Create | Archer |
| 17:47 | Create | Villager (Male) |
| 17:59 | Build | Blacksmith |
| 18:00 | Create | Villager (Male) |
| 18:28 | Create | Archer |
| 18:28 | Create | Villager (Male) |
| 18:32 | Build | House |
| 18:33 | Build | House |
| 18:45 | Research | Fletching |
| 19:43 | Research | Castle Age |
| 19:53 | Build | House |
| 19:54 | Build | House |
| 19:56 | Build | House |
| 20:51 | Research | Bloodlines |
| 20:52 | Create | Scout Cavalry |
| 20:52 | Create | Scout Cavalry |
| 21:10 | Create | Villager (Male) |
| 21:32 | Create | Scout Cavalry |
| 21:36 | Create | Archer |
| 21:36 | Create | Archer |
| 21:37 | Create | Villager (Male) |
| 21:47 | Research | Forging |
| 21:48 | Research | Scale Barding Armor |
| 21:53 | Build | Stable |
| 21:54 | Create | Villager (Male) |
| 21:58 | Create | Villager (Male) |
| 22:25 | Research | Padded Archer Armor |
| 22:34 | Create | Villager (Male) |
| 22:37 | Age | Castle Age |
| 22:47 | Research | Crossbowman (upgrade) |
| 22:52 | Research | Bodkin Arrow |
| 23:01 | Build | Archery Range |
| 23:03 | Create | Villager (Male) |
| 23:03 | Create | Villager (Male) |
| 23:13 | Build | Lumber Camp |
| 23:15 | Create | Villager (Male) |
| 23:26 | Create | Archer ×5 |
| 23:26 | Create | Villager (Male) |
| 23:44 | Create | Villager (Male) |
| 23:50 | Research | Bow Saw |
| 24:03 | Build | Town Center |
| 24:06 | Create | Villager (Male) |
| 24:37 | Create | Villager (Male) |
Match timeline
| 7:32 | [KoM] SirFreddi · first_building Barracks |
| 7:39 | [KoM] SirFreddi · wall_segment Palisade Wall x1 |
| 8:03 | [KoM] SirFreddi · wall_segment Palisade Wall x5 |
| 8:18 | alvdomgar · first_building Barracks |
| 9:17 | [KoM] SirFreddi · age_up feudal |
| 9:19 | [KoM] SirFreddi · first_building Stable |
| 10:04 | [KoM] SirFreddi · wall_segment Palisade Wall x9 |
| 10:05 | alvdomgar · age_up feudal |
| 10:09 | [KoM] SirFreddi · wall_segment Palisade Wall x6 |
| 10:30 | [KoM] SirFreddi · wall_segment Palisade Wall x10 |
| 10:33 | [KoM] SirFreddi · wall_segment Palisade Wall x5 |
| 11:59 | [KoM] SirFreddi · wall_segment Palisade Wall x1 |
| 12:20 | [KoM] SirFreddi · wall_segment Palisade Wall x9 |
| 12:40 | [KoM] SirFreddi · wall_segment Palisade Wall x1 |
| 12:47 | [KoM] SirFreddi · wall_segment Palisade Wall x1 |
| 13:40 | [KoM] SirFreddi · first_building Archery Range |
| 15:38 | [KoM] SirFreddi · wall_segment Palisade Wall x1 |
| 15:44 | [KoM] SirFreddi · wall_segment Palisade Wall x1 |
| 18:17 | alvdomgar · first_building Archery Range |
| 21:41 | alvdomgar · age_up castle |
| 22:37 | [KoM] SirFreddi · age_up castle |
| 28:51 | alvdomgar · first_building Siege Workshop |
| 33:21 | alvdomgar · first_building Castle |
| 34:09 | [KoM] SirFreddi · first_building Castle |
| 34:39 | [KoM] SirFreddi · resign |
[ AI ANALYSIS · 1 CREDIT ]
What really happened in this match?
Wolo.gg analyzes every decision: build order, eco, micro, common mistakes by bracket. Personalized analysis on WhatsApp or Discord in 30 seconds.
Civ guide
Romans
Map guide
Arabia
Perfil
alvdomgar